 Dungeon Crawl Stone Soup version 0.19.0-2-gae57169 (webtiles) character file.

1902559 Jerry the Intangible (level 27, 296/296 (300) HPs)
             Began as a Minotaur Berserker on Nov 6, 2016.
             Was the Champion of Trog.
             Escaped with the Orb
             ... and 3 runes on Nov 7, 2016!
             The game lasted 06:45:09 (56756 turns).

Jerry the Intangible (Minotaur Berserker)          Turns: 56756, Time: 06:45:09

HP:   296/296 (300) AC: 50    Str: 26    XL:     27
MP:   9/9           EV: 23    Int:  7    God:    Trog [******]
Gold: 5551          SH: 27    Dex: 18    Spells: 0 memorised, 26 levels left

rFire  + + +     SeeInvis +     i - +9 broad axe (antimagic)
rCold  + + .     Gourm    .     S - +9 armour of the Dragon King {rPois rF+ rC+ MR+}
rNeg   + . .     Faith    .     N - +3 shield {AC+3}
rPois  +         Spirit   .     (helmet unavailable)
rElec  .         Reflect  +     s - +2 cloak {MR+}
rCorr  .         Harm     .     U - +1 pair of gloves of Blue Skies {rC+ Str+4 SInv}
MR     ++++.                    Q - +2 pair of boots {run}
Stlth  ..........               V - brooch of Shielding {Reflect SH+8}
                                L - ring "Weleleb" {rN+ MP+9 Slay+3}
                                P - ring of protection from fire

@: quick
A: retaliatory headbutt, horns 3, clever 1, clumsy 1, deterioration 1, fire
resistance 1, low mp 1, robust 1, weak 1, no device heal 1, sturdy frame 1
a: Berserk, Trog's Hand, Brothers in Arms, Burn Spellbooks, Renounce Religion
0: Orb of Zot
}: 3/15 runes: serpentine, barnacled, silver


You escaped.
You worshipped Trog.
Trog was exalted by your worship.
You were not hungry.

You visited 9 branches of the dungeon, and saw 45 of its levels.
You also visited: Sewer and Bailey.

You collected 7225 gold pieces.
You spent 1674 gold pieces at shops.

Inventory:

Hand Weapons
 i - a +9 antimagic broad axe (weapon)
Missiles
 x - 3 throwing nets (quivered)
Armour
 s - a +2 cloak of magic resistance (worn)
 N - a +3 shield of protection (worn)
 Q - a +2 pair of boots of running (worn)
 S - the +9 armour of the Dragon King (worn) {rPois rF+ rC+ MR+}
   (You found it on level 3 of the Depths)

   It protects you from fire.
   It protects you from cold.
   It protects you from poison.
   It affects your resistance to hostile enchantments.
 U - the +1 pair of gloves of Blue Skies (worn) {rC+ Str+4 SInv}
   (You found it on level 5 of the Vaults)

   It affects your strength (+4).
   It protects you from cold.
   It lets you see invisible.
Jewellery
 L - the ring "Weleleb" (right hand) {rN+ MP+9 Slay+3}
   (You found it on level 1 of the Vaults)

   [ring of magical power]

   It affects your accuracy and damage with ranged weapons and melee attacks
   (+3).
   It protects you from negative energy.
   It affects your magic capacity (+9).
 P - a ring of protection from fire (left hand)
 V - the brooch of Shielding (around neck) {Reflect SH+8}
   (You found it on level 4 of the Shoals)

   [amulet of reflection]

   It shields you and reflects attacks.
   It affects your SH (+8).
Wands
 y - a wand of teleportation (9/9)
 M - a wand of disintegration (12/24)
 W - a wand of hasting (5/9)
Scrolls
 a - 4 scrolls of fear
 d - 9 scrolls of identify
 e - a scroll of fog
 h - 3 scrolls of recharging
 j - 19 scrolls of teleportation
 n - a scroll of summoning
 t - 24 scrolls of remove curse
 u - a scroll of silence
 E - 4 scrolls of blinking
 J - a scroll of holy word
 R - 4 scrolls of magic mapping
Potions
 b - 4 potions of flight
 o - 6 potions of invisibility
 p - 2 potions of cure mutation
 q - 16 potions of heal wounds
 w - 3 potions of resistance
 A - a potion of cancellation
 D - 3 potions of agility
 F - 5 potions of ambrosia
 G - 27 potions of curing
Books
 k - a book of Clouds

   Spells                             Type                      Level
   a - Mephitic Cloud                 Conjuration/Poison/Air       3
   b - Conjure Flame                  Conjuration/Fire             3
   c - Poisonous Cloud                Conjuration/Poison/Air       6
   d - Freezing Cloud                 Conjuration/Ice/Air          6
   e - Ring of Flames                 Charms/Fire                  7
   Trog disapproves of the use of such an item.
 l - a book of Dreams

   Spells                             Type                      Level
   a - Ensorcelled Hibernation        Hexes/Ice                    2
   b - Silence                        Hexes/Air                    5
   c - Darkness                       Hexes                        6
   d - Shadow Creatures               Summoning                    6
   Trog disapproves of the use of such an item.
 m - a book of Flames

   Spells                             Type                      Level
   a - Flame Tongue                   Conjuration/Fire             1
   b - Throw Flame                    Conjuration/Fire             2
   c - Conjure Flame                  Conjuration/Fire             3
   d - Inner Flame                    Hexes/Fire                   3
   e - Sticky Flame                   Conjuration/Fire             4
   f - Fireball                       Conjuration/Fire             5
   Trog disapproves of the use of such an item.
 r - a book of Cantrips

   Spells                             Type                      Level
   a - Confusing Touch                Hexes                        1
   b - Animate Skeleton               Necromancy                   1
   c - Summon Small Mammal            Summoning                    1
   d - Apportation                    Translocation                1
   Trog disapproves of the use of such an item.
 z - Waguobut's Compendium of Aerial Dislocation
   (You found it on level 4 of the Realm of Zot)

   Spells                             Type                      Level
   a - Swiftness                      Charms/Air                   2
   b - Blink                          Translocation                2
   c - Recall                         Summoning/Translocation      3
   d - Malign Gateway                 Summoning/Translocation      7
   Trog disapproves of the use of such an item.
 H - a book of the Dragon

   Spells                             Type                      Level
   a - Flame Tongue                   Conjuration/Fire             1
   b - Cause Fear                     Hexes                        4
   c - Bolt of Fire                   Conjuration/Fire             6
   d - Dragon Form                    Transmutation                7
   e - Dragon's Call                  Summoning                    9
   Trog disapproves of the use of such an item.
 I - a book of Clouds

   Spells                             Type                      Level
   a - Mephitic Cloud                 Conjuration/Poison/Air       3
   b - Conjure Flame                  Conjuration/Fire             3
   c - Poisonous Cloud                Conjuration/Poison/Air       6
   d - Freezing Cloud                 Conjuration/Ice/Air          6
   e - Ring of Flames                 Charms/Fire                  7
   Trog disapproves of the use of such an item.
 K - a book of Frost

   Spells                             Type                      Level
   a - Freeze                         Ice                          1
   b - Throw Frost                    Conjuration/Ice              2
   c - Ozocubu's Armour               Charms/Ice                   3
   d - Throw Icicle                   Conjuration/Ice              4
   e - Summon Ice Beast               Ice/Summoning                4
   Trog disapproves of the use of such an item.
 T - a book of Maledictions

   Spells                             Type                      Level
   a - Corona                         Hexes                        1
   b - Ensorcelled Hibernation        Hexes/Ice                    2
   c - Confuse                        Hexes                        3
   d - Tukima's Dance                 Hexes                        3
   e - Dazzling Spray                 Conjuration/Hexes            3
   Trog disapproves of the use of such an item.
 Y - a book of Maledictions

   Spells                             Type                      Level
   a - Corona                         Hexes                        1
   b - Ensorcelled Hibernation        Hexes/Ice                    2
   c - Confuse                        Hexes                        3
   d - Tukima's Dance                 Hexes                        3
   e - Dazzling Spray                 Conjuration/Hexes            3
   Trog disapproves of the use of such an item.
Miscellaneous
 O - 2 boxes of beasts
Comestibles
 c - 21 bread rations
 f - 25 fruits
 g - 4 royal jellies
 B - 23 meat rations


   Skills:
 O Level 27 Fighting
 O Level 27 Axes
 O Level 27 Armour
 O Level 27 Dodging
 + Level 19.1 Shields


You had 26 spell levels left.
You didn't know any spells.

Dungeon Overview and Level Annotations

Branches:
Dungeon (15/15)            Temple (1/1) D:6            Lair (4/6) D:9
 Shoals (4/4) Lair:2        Snake (4/4) Lair:4          Orc (2/2) D:11
    Elf (0/3) Orc:2        Vaults (5/5) D:14          Crypt (0/3) Vaults:3
 Depths (5/5) D:15            Zot (5/5) Depths:5

Altars:
Ashenzari
Cheibriados
Dithmenos
Elyvilon
Fedhas
Gozag
Hepliaklqana
Kikubaaqudgha
Makhleb
Nemelex Xobeh
Okawaru
Qazlal
Ru
Sif Muna
Trog
Uskayaw
Vehumet
Xom
Yredelemnul
Zin
The Shining One
Beogh

Shops:
D:9 *   D:10 !!(   D:15 ?   Orc:2 [*=(   Shoals:1 (   Shoals:2 [   Snake:3 =}=
Snake:4 [?   Vaults:2 (   Vaults:3 (}   Vaults:4 (   Vaults:5 [   Depths:3 *

Portals:
Hell: Depths:1 Depths:2 Depths:3 Depths:4
Abyss: Depths:2 Depths:4
Pandemonium: Depths:2 Depths:3 Depths:5
Ziggurat: Depths:1
Bazaar: Depths:1
Trove: D:15 (give 3 potions of cure mutation)

Annotations:
D:8 4 runed doors


Innate Abilities, Weirdness & Mutations

You reflexively headbutt those who attack you in melee.
You have a pair of large horns on your head.
Your mind is acute. (Int +2)
You are clumsy. (Dex -2)
Your body sometimes deteriorates upon taking damage.
Your flesh is heat resistant. (rF+)
Your magical capacity is low. (-10% MP)
You are robust. (+10% HP)
You are weak. (Str -2)
Potions and wands are less effective at restoring your health.
Your movements are slightly less encumbered by armour. (ER -2)


Message History

(C) Crypt (U) Depths (H) Hell (Z) Zot
Where to? (Enter - D:1, ? - help)
There is a stone staircase leading up here.
You climb upwards.
There is a stone staircase leading down here.
There is a stone staircase leading up here.
You climb upwards.
There is a stone staircase leading down here.
You see here a plate armour.
Your magical contamination has completely faded away.
There is a stone staircase leading up here.
You climb upwards.
There is a stone staircase leading down here.
You see here a dagger.
An ice devil comes into view.
There is a stone staircase leading up here.
You climb upwards.
There is a stone staircase leading down here.
There is a staircase leading out of the dungeon here.
You have escaped!

#########.##.##.##).....#.....#..
###### ###......#.######.....###
.....# ######..###.# #.....#
.....# #..#......#.# ####..#
#....###..##.##.##.# #..#
..............#....# #..#
........###..##..).# #####..#
........# ##.##.#### #......#
........# #.#..@.# #.....##
........# #.#....# #.....#
........# #.##'#'## #####.#
........## #.(..#..####### #.#
.........# #....##..##†..###.#
....##...# #....##.........#.#
....##...###....###........#.#
....##....##....# ###.....##.#
....##....##....############.#


There were no monsters in sight!

Vanquished Creatures
  8 orbs of fire
  6 ancient liches (Zot:5)
  A juggernaut (Depths:5)
  Xtahua (Depths:4)
  4 curse toes
  3 Killer Klowns (Zot:5)
  3 caustic shrikes (Depths:4)
  the Enchantress (Depths:3)
  14 golden dragons
  6 electric golems
  Jorgrun (Vaults:4)
  4 liches
  22 tentacled monstrosities
  26 Orb Guardians
  Asterion (Depths:1)
  6 titans
  5 quicksilver dragons
  A kraken (Shoals:4)
  4 sphinxes
  Agnes (Snake:2)
  12 death cobs
  A thorn hunter (Depths:3)
  15 storm dragons
  12 nagarajas
  13 shadow dragons
  Ilsuiw (Shoals:4)
  Roxanne (Shoals:3)
  7 tengu reavers
  4 draconian monks
  10 fire giants
  A deep elf sorcerer (Depths:4)
  An iron dragon (Vaults:5)
  5 draconian scorchers
  7 ghost moths
  10 draconian knights
  16 frost giants
  6 draconian zealots
  15 vault wardens
  3 spriggan defenders (Depths:3)
  4 draconian shifters
  5 deep elf elementalists (Vaults:5)
  15 very ugly things
  A juggernaut skeleton (Depths:2)
  4 draconian callers
  A war gargoyle (Vaults:5)
  4 draconian annihilators
  13 ironheart preservers
  4 vampire knights
  10 black draconians
  An entropy weaver (Vaults:5)
  2 deep elf demonologists
  24 stone giants
  12 green draconians
  8 purple draconians
  6 yellow draconians
  8 mottled draconians
  12 white draconians
  4 spark wasps
  2 deep elf annihilators (Vaults:5)
  12 red draconians
  The ghost of Ge0ff the Severer, a journeyman MiNe of Fedhas (Orc:2)
  A minotaur (shapeshifter) (Depths:2)
  3 small abominations (Vaults:5)
  8 merfolk impalers
  5 fire dragons
  7 great orbs of eyes
  10 ettins
  5 deep elf death magi
  5 merfolk javelineers
  20 yaktaur captains
  A great orb of eyes (shapeshifter) (Depths:3)
  A deep elf high priest (Vaults:5)
  15 ice dragons
  6 rakshasas
  Erica (D:9)
  13 naga warriors
  2 catoblepae
  26 vault guards
  3 satyrs (Depths:3)
  A ghost crab (shapeshifter) (Vaults:5)
  A hydra (Lair:4)
  6 anacondas
  5 merfolk aquamancers
  3 spriggan air magi
  8 centaur warriors
  An alligator snapping turtle (Shoals:3)
  4 death knights
  6 merfolk avatars
  17 ogre magi
  12 deep troll shamans
  10 tengu warriors
  2 vampire magi
  12 deep troll earth magi
  12 spriggan berserkers
  13 naga sharpshooters
  3 orc high priests
  A storm dragon zombie (Depths:2)
  Urug (Orc:2)
  3 sun demons (Depths:3)
  8 shock serpents
  8 deep elf knights
  Nergalle (Lair:1)
  5 iron trolls
  3 salamander mystics
  A soul eater (Depths:5)
  10 hell knights
  10 skeletal warriors
  14 sea snakes
  4 wizards
  2 death drakes (shapeshifter)
  A shadow demon (Depths:3)
  A sixfirhy (Depths:1)
  An orange crystal statue (Zot:5)
  31 deep trolls
  13 ironbrand convokers
  5 unseen horrors (D:14)
  An obsidian statue (Depths:3)
  10 naga ritualists
  3 glowing orange brains
  16 hill giants
  10 phantasmal warriors
  4 deep elf archers
  4 flayed ghosts
  28 harpies
  14 deep elf magi
  3 necromancers
  A faun (shapeshifter) (Depths:1)
  16 orc knights
  46 ugly things
  An orb spider (shapeshifter) (Depths:3)
  7 mana vipers
  A shining eye (shapeshifter) (Vaults:5)
  An iron dragon zombie (Depths:2)
  4 wolf spiders
  A frost giant zombie (Depths:2)
  18 fauns
  2 orc sorcerers
  28 moths of wrath
  11 salamanders
  11 cyclopes
  13 sirens
  A centaur zombie (D:14)
  11 vault sentinels
  16 manticores
  44 black mambas
  3 rust devils
  7 water nymphs
  2 frost giant skeletons (Depths:4)
  Psyche (D:9)
  6 guardian serpents
  19 naga magi
  2 gargoyles (D:14)
  A spiny frog (shapeshifter) (Vaults:1)
  A torpor snail (Lair:4)
  A hellion (Depths:5)
  A rime drake (shapeshifter) (Vaults:2)
  A rime drake (Lair:2)
  An efreet (D:15)
  5 spiny frogs
  A spriggan zombie (Depths:2)
  43 yaktaurs
  8 komodo dragons
  An ice devil (Depths:3)
  A red devil (Depths:4)
  8 freezing wraiths
  3 polar bears
  A hellwing (Depths:5)
  6 trolls
  3 meliai (D:15)
  2 jumping spiders (shapeshifter)
  28 merfolk
  2 wind drakes (shapeshifter)
  9 tengu conjurers
  A raiju (shapeshifter) (Depths:4)
  18 two-headed ogres
  A two-headed ogre (shapeshifter) (Vaults:4)
  5 wind drakes
  A sphinx simulacrum (Depths:4)
  10 hornets
  2 merfolk (shapeshifter)
  A harpy skeleton (D:14)
  5 snapping turtles
  2 hippogriffs (shapeshifter) (Vaults:4)
  22 slime creatures
  9 hippogriffs
  The ghost of Patchouli the Magician, an amateur DEWz (D:5)
  A spriggan simulacrum (Depths:2)
  3 air elementals (Depths:3)
  2 redbacks (Vaults:5)
  7 vampires
  A shadow (D:12)
  A centaur simulacrum (D:15)
  7 wraiths
  A spriggan skeleton (Depths:2)
  23 yaks
  6 water elementals
  Eustachio (D:4)
  7 spriggans
  A hog (shapeshifter) (Vaults:3)
  4 wyverns
  5 hungry ghosts
  A human (shapeshifter) (D:14)
  4 basilisks
  2 humans (D:8)
  8 vampire mosquitoes
  3 chaos spawn (Depths:5)
  2 steam dragons
  5 mottled dragons
  5 wargs
  65 nagas
  7 water moccasins
  A human zombie (Depths:2)
  A floating eye (Depths:5)
  6 porcupines
  45 orc warriors
  2 necrophages
  9 ice beasts
  An eye of draining (D:10)
  62 ogres
  3 phantoms
  2 black bears
  7 sky beasts
  4 boggarts
  9 wolves (Lair:1)
  29 centaurs
  7 crocodiles
  7 big kobolds
  15 bullfrogs
  A glowing shapeshifter simulacrum (Depths:2)
  2 wyvern zombies
  9 scorpions
  A hornet simulacrum (D:15)
  A human simulacrum (Vaults:1)
  11 killer bees
  12 wights
  An electric eel (Snake:2)
  20 crimson imps
  2 quasits (Depths:5)
  2 bullfrog zombies
  2 jellies
  12 hounds
  6 centaur skeletons
  22 orc priests
  A bullfrog skeleton (D:9)
  A gnoll shaman (D:10)
  6 iron imps
  Jessica (D:2)
  7 worker ants
  6 iguanas
  23 orc wizards
  A killer bee zombie (D:10)
  A howler monkey zombie (D:6)
  17 gnolls
  A howler monkey skeleton (D:8)
  9 adders
  5 river rats
  5 shadow imps
  4 white imps
  An ufetubus (D:5)
  3 oozes
  An adder skeleton (D:7)
  3 worms
  A dart slug (D:2)
  5 leopard geckos
  A leopard gecko (shapeshifter) (Vaults:5)
  95 orcs
  A ball python (D:2)
  6 giant cockroaches
  14 hobgoblins
  17 jackals
  34 kobolds
  5 quokkas
  29 bats
  10 frilled lizards
  9 goblins
  A jackal zombie (D:3)
  2 quokka skeletons (D:6)
  26 rats
  4 fungi
  15 plants
  3 tentacles (Shoals:4)
  A withered plant (Shoals:1)
2214 creatures vanquished.

Vanquished Creatures (collateral kills)
  An Orb Guardian (Zot:5)
  2 orc warlords
  A deep elf knight (Vaults:3)
  4 orc knights
  2 orc sorcerers (Orc:2)
  A cyclops (Shoals:4)
  A merfolk (Shoals:4)
  A two-headed ogre (Vaults:3)
  A snapping turtle (Shoals:4)
  2 orc warriors
  An ogre (Orc:2)
  An orc priest (Vaults:3)
  An orc (Orc:2)
19 creatures vanquished.

Vanquished Creatures (others)
  3 merfolk javelineers (Shoals:4)
  3 yaktaur captains
  A black mamba (Snake:1)
  3 yaktaurs
  An orc warrior (Orc:2)
  2 centaurs
  2 ball lightnings
  An orc (Orc:2)
  6 fungi
  146 plants
  7 tentacles (Shoals:4)
175 creatures vanquished.

Grand Total: 2408 creatures vanquished

Notes
Turn   | Place    | Note
-------+----------+-------------------------------------------
     0 | D:1      | Jerry the Minotaur Berserker began the quest for the Orb.
     0 | D:1      | Reached XP level 1. HP: 19/19 MP: 0/0
   221 | D:1      | Reached XP level 2. HP: 26/26 MP: 1/1
   444 | D:1      | Reached ** piety under Trog
   911 | D:2      | Reached XP level 3. HP: 31/31 MP: 2/2
   913 | D:2      | Found an ancient bone altar of Kikubaaqudgha.
   923 | D:2      | Found a bloodstained altar of Trog.
   937 | D:2      | Found a glowing silver altar of Zin.
  1141 | D:2      | Found a shadowy altar of Dithmenos.
  1175 | D:2      | Reached XP level 4. HP: 28/39 MP: 3/3
  1225 | D:2      | Reached skill level 5 in Axes
  1540 | D:2      | Noticed Jessica
  1545 | D:2      | Killed Jessica
  1545 | D:2      | Reached XP level 5. HP: 43/45 MP: 4/4
  1574 | D:2      | Reached skill level 5 in Armour
  1733 | D:2      | Found an iron altar of Okawaru.
  1851 | D:2      | Reached *** piety under Trog
  2162 | D:3      | Found a glowing drain.
  2182 | Sewer    | Entered a sewer
  2313 | Sewer    | Reached XP level 6. HP: 32/51 MP: 5/5
  2438 | Sewer    | Found a glowing silver altar of Zin.
  3051 | D:3      | Gained mutation: Your mind is acute. (Int +2) [potion of mutation]
  3051 | D:3      | Gained mutation: You are robust. (+10% HP) [potion of mutation]
  3051 | D:3      | Gained mutation: Your movements are slightly less encumbered by armour. (ER -2) [potion of mutation]
  3124 | D:4      | Reached **** piety under Trog
  3434 | D:4      | Noticed Eustachio
  3455 | D:4      | Killed Eustachio
  3455 | D:4      | Reached XP level 7. HP: 62/62 MP: 4/6
  4603 | D:4      | Found a sparkling altar of Nemelex Xobeh.
  4779 | D:5      | Entered Level 5 of the Dungeon
  5172 | D:5      | Noticed Patchouli's ghost (amateur DEWz)
  5364 | D:5      | Reached XP level 8. HP: 67/70 MP: 7/7
  5441 | D:5      | Killed Patchouli's ghost
  5632 | D:6      | Found a staircase to the Ecumenical Temple.
  5931 | Temple   | Entered the Ecumenical Temple
  6233 | D:6      | Reached ***** piety under Trog
  6400 | D:6      | Found a snail-covered altar of Cheibriados.
  6659 | D:6      | Reached skill level 10 in Axes
  6845 | D:6      | Reached skill level 10 in Armour
  7216 | D:7      | Reached skill level 1 in Shields
  7216 | D:7      | Reached XP level 9. HP: 57/77 MP: 8/8
  8009 | D:7      | Found a snail-covered altar of Cheibriados.
  8029 | D:7      | Found a bloodstained altar of Trog.
  8202 | D:8      | Found a huge runed gate.
  8202 | D:8      | Noticed a polar bear
  8202 | D:8      | Noticed a polar bear
  8203 | D:8      | Noticed a polar bear
  8203 | D:8      | Found a huge runed gate.
  8205 | D:8      | Found a huge runed gate.
  8205 | D:8      | Noticed a polar bear
  8205 | D:8      | Noticed a polar bear
  8206 | D:8      | Found a huge runed gate.
  8206 | D:8      | Noticed a polar bear
  8208 | D:8      | Noticed a polar bear
  8516 | D:8      | Found an iron altar of Okawaru.
  8532 | D:8      | Reached skill level 5 in Shields
  8860 | D:9      | Found a basalt altar of Yredelemnul.
  8910 | D:9      | Reached XP level 10. HP: 82/84 MP: 9/9
  8963 | D:9      | Received a gift from Trog
  8964 | D:9      | Got a pitted war axe {god gift}
  8965 | D:9      | Identified the +12 war axe "Ecusoe" {chop, rF- MR++ Str+2} (Trog gifted it to you on level 9 of the Dungeon)
  8988 | D:9      | Noticed Erica
  9024 | D:9      | Killed Erica
  9060 | D:9      | Found a staircase to the Lair.
  9078 | D:9      | Noticed Psyche
  9086 | D:9      | Killed Psyche
  9178 | D:9      | Found Hyilem's Assorted Antiques.
  9356 | D:9      | Found a flagged portal.
  9365 | Bailey   | Entered a bailey
 10202 | Bailey   | Reached XP level 11. HP: 81/90 MP: 10/10
 10831 | D:10     | Entered Level 10 of the Dungeon
 10838 | D:10     | Found Goxinkett's Distillery.
 10848 | D:10     | Bought a potion of curing for 39 gold pieces
 10848 | D:10     | Bought a potion of agility for 52 gold pieces
 10914 | D:10     | Noticed a hill giant
 10936 | D:10     | Killed a hill giant
 10936 | D:10     | Reached skill level 5 in Fighting
 11029 | D:10     | Found Ytateduemu's Weapon Emporium.
 11131 | D:10     | Reached skill level 10 in Shields
 11141 | D:10     | Reached ****** piety under Trog
 11152 | D:10     | Found Itor's Distillery.
 11184 | D:10     | Bought a potion of might for 56 gold pieces
 11207 | D:10     | Received a gift from Trog
 11379 | D:10     | Noticed a hill giant
 11389 | D:10     | Killed a hill giant
 11563 | D:10     | Noticed a hill giant
 11569 | D:10     | Killed a hill giant
 11790 | D:11     | Noticed a hill giant
 11795 | D:11     | Killed a hill giant
 11994 | D:11     | Noticed a hill giant
 12001 | D:11     | Killed a hill giant
 12078 | D:11     | Noticed a red ugly thing
 12088 | D:11     | Killed a red ugly thing
 12375 | D:11     | Reached XP level 12. HP: 113/113 MP: 11/11
 12463 | D:11     | Found a staircase to the Orcish Mines.
 12752 | D:12     | Found a glowing silver altar of Zin.
 12816 | D:12     | Found a shimmering altar of Xom.
 12818 | D:12     | Found a stormy altar of Qazlal.
 12818 | D:12     | Found a shimmering altar of Xom.
 12820 | D:12     | Found a burning altar of Makhleb.
 12820 | D:12     | Found a basalt altar of Yredelemnul.
 12820 | D:12     | Found a shimmering altar of Xom.
 13150 | D:12     | Reached skill level 10 in Fighting
 13444 | D:13     | Found a blossoming altar of Fedhas.
 13490 | D:13     | Received a gift from Trog
 13833 | D:13     | Received a gift from Trog
 14825 | D:13     | Identified a scroll of acquirement
 14926 | D:14     | Reached skill level 15 in Axes
 14947 | D:14     | Reached skill level 15 in Armour
 14999 | D:14     | Found a gate to the Vaults.
 15003 | D:14     | Reached XP level 13. HP: 121/128 MP: 12/12
 15441 | D:14     | Reached skill level 15 in Shields
 15990 | D:15     | Entered Level 15 of the Dungeon
 16060 | D:15     | Found a bloodstained altar of Trog.
 16276 | D:15     | Found a portal to a secret trove of treasure.
 16315 | D:15     | Found Tesiehir's Magic Scroll Boutique.
 16357 | D:15     | Received a gift from Trog
 16363 | D:15     | Reached XP level 14. HP: 136/145 MP: 13/13
 16495 | D:15     | Found a staircase to the Depths.
 17092 | D:13     | You fall through a shaft!
 17214 | Lair:1   | Entered Level 1 of the Lair of Beasts
 17236 | Lair:1   | Found a dark tunnel.
 17328 | Lair:1   | Noticed Nergalle
 17333 | Lair:1   | Killed Nergalle
 18263 | Lair:2   | Found a staircase to the Shoals.
 19542 | Lair:4   | Found a staircase to the Snake Pit.
 19566 | Lair:4   | Received a gift from Trog
 20247 | Snake:1  | Entered Level 1 of the Snake Pit
 20454 | Snake:1  | Reached XP level 15. HP: 66/151 MP: 14/14
 20693 | Snake:1  | HP: 2/226 [salamander/glaive (22)]
 21259 | Snake:2  | Noticed Agnes
 21268 | Snake:2  | Killed Agnes
 21379 | Snake:2  | Received a gift from Trog
 21414 | Snake:2  | Found a radiant altar of Vehumet.
 21645 | Snake:2  | Reached skill level 5 in Dodging
 21720 | Snake:2  | Noticed a nagaraja
 21736 | Snake:2  | Killed a nagaraja
 22515 | Snake:3  | Noticed a nagaraja
 22533 | Snake:3  | Killed a nagaraja
 22873 | Snake:3  | Noticed a nagaraja
 22891 | Snake:3  | Killed a nagaraja
 23131 | Snake:3  | Found Oran's Gadget Shop.
 23132 | Snake:3  | Found Woetsisch's Jewellery Emporium.
 23132 | Snake:3  | Found Tege's Jewellery Emporium.
 23322 | Snake:4  | Entered Level 4 of the Snake Pit
 23453 | Snake:4  | Found Ophuenwi's Magic Scroll Boutique.
 23453 | Snake:4  | Found Kuthepp's Armour Shop.
 23470 | Snake:4  | Received a gift from Trog
 23470 | Snake:4  | Reached XP level 16. HP: 158/160 MP: 15/15
 23552 | Snake:4  | Bought a +2 pair of boots of running for 747 gold pieces
 23564 | Snake:4  | Gained mutation: Your flesh is heat resistant. (rF+) [potion of beneficial mutation]
 23565 | Snake:4  | Reached XP level 17. HP: 168/168 MP: 10/16
 23933 | Snake:4  | Received a gift from Trog
 24261 | Snake:4  | Reached skill level 10 in Dodging
 24387 | Snake:4  | Received a gift from Trog
 24818 | Snake:4  | Got a serpentine rune of Zot
 25237 | Shoals:1 | Entered Level 1 of the Shoals
 25482 | Shoals:1 | Found Tufranel's Weapon Shoppe.
 25719 | Shoals:1 | Reached XP level 18. HP: 158/176 MP: 17/17
 25723 | Shoals:1 | Received a gift from Trog
 26183 | Shoals:2 | Found Fonn's Armour Boutique.
 27060 | Shoals:3 | Noticed Roxanne
 27396 | Shoals:3 | Killed Roxanne
 27475 | Shoals:4 | Entered Level 4 of the Shoals
 27981 | Shoals:4 | Received a gift from Trog
 28017 | Shoals:4 | Got a barnacled rune of Zot
 28250 | Shoals:4 | Noticed Ilsuiw
 28314 | Shoals:4 | Killed Ilsuiw
 28770 | Shoals:4 | Identified Zyloas's Compendium of Arcane Weapons
 28856 | Shoals:4 | Reached XP level 19. HP: 183/183 MP: 18/18
 29239 | Orc:1    | Entered Level 1 of the Orcish Mines
 29244 | Orc:1    | Received a gift from Trog
 29578 | Orc:2    | Entered Level 2 of the Orcish Mines
 29768 | Orc:2    | Noticed Urug
 29779 | Orc:2    | Killed Urug
 29806 | Orc:2    | Found a roughly hewn altar of Beogh.
 29822 | Orc:2    | Found a burning altar of Makhleb.
 29892 | Orc:2    | Found a staircase to the Elven Halls.
 29946 | Orc:2    | Found Ypeuw's Antique Weapon Shop.
 30074 | Orc:2    | Found Quhes's General Store.
 30112 | Orc:2    | Noticed Ge0ff's ghost (journeyman MiNe)
 30122 | Orc:2    | Killed Ge0ff's ghost
 30182 | Orc:2    | Received a gift from Trog
 30396 | Orc:2    | Found Zuen's Antique Armour Shop.
 30411 | Orc:2    | Found Biakaymm's Jewellery Shop.
 30662 | Vaults:1 | Entered Level 1 of the Vaults
 30731 | Vaults:1 | Reached skill level 15 in Dodging
 31491 | Vaults:1 | Got a glittering marble ring
 31962 | Vaults:2 | Received a gift from Trog
 31969 | Vaults:2 | Identified a +2 rod of inaccuracy (11/11) (You found it on level 1 of the Vaults)
 32455 | Vaults:2 | Got a steaming ring mail
 32462 | Vaults:2 | Identified the +5 ring mail of Narcissism {rN+} (You found it on level 2 of the Vaults)
 32464 | Vaults:2 | Identified the ring "Weleleb" {rN+ MP+9 Slay+3} (You found it on level 1 of the Vaults)
 32775 | Vaults:2 | Found Inoenemn's Antique Weapon Emporium.
 32898 | Vaults:2 | Received a gift from Trog
 33201 | Vaults:3 | Found a roughly hewn altar of Beogh.
 33577 | Vaults:3 | Found Bourazea's Gadget Emporium.
 33664 | Vaults:3 | Reached XP level 20. HP: 150/192 MP: 19/19
 33999 | Vaults:3 | Received a gift from Trog
 34212 | Vaults:3 | Found a staircase to the Crypt.
 34214 | Vaults:3 | Reached skill level 15 in Fighting
 34566 | Vaults:3 | Found Peush's Weapon Shop.
 34882 | Vaults:3 | Got a slimy battleaxe {god gift}
 34888 | Vaults:3 | Identified the +6 battleaxe of Sujaciwo {chop, rF++} (Trog gifted it to you on level 3 of the Vaults)
 34994 | Vaults:4 | Received a gift from Trog
 35202 | Vaults:4 | Noticed Jorgrun
 35211 | Vaults:4 | Killed Jorgrun
 35566 | Vaults:4 | Found Igifinas's Antique Weapon Shoppe.
 36441 | Depths:1 | Entered Level 1 of the Depths
 36451 | Depths:1 | Reached XP level 21. HP: 180/205 MP: 20/20
 36491 | Depths:1 | Found a gateway to a bazaar.
 36595 | Depths:1 | Received a gift from Trog
 36807 | Depths:1 | Noticed Asterion
 36834 | Depths:1 | Killed Asterion
 36840 | Depths:1 | Found a gateway to a ziggurat.
 37233 | Depths:1 | Found a gateway to Hell.
 37496 | Depths:1 | Received a gift from Trog
 38032 | Depths:2 | Noticed a golden dragon
 38050 | Depths:2 | Killed a golden dragon
 38238 | Depths:2 | Received a gift from Trog
 38714 | Depths:2 | Found a one-way gate leading to the halls of Pandemonium.
 38734 | Depths:2 | Found a one-way gate to the infinite horrors of the Abyss.
 39256 | Depths:3 | Reached XP level 22. HP: 219/219 MP: 21/21
 39276 | Depths:3 | Received a gift from Trog
 39488 | Depths:3 | Found Qirarok's Assorted Antiques.
 39491 | Depths:3 | Bought a potion of heal wounds for 200 gold pieces
 39491 | Depths:3 | Bought a potion of heal wounds for 200 gold pieces
 39491 | Depths:3 | Bought a pair of scorched boots for 380 gold pieces
 39491 | Depths:3 | Identified the +1 pair of boots "Sykh" {-Tele +Fly MR+} (You bought it in a shop on level 3 of the Depths)
 40017 | Depths:3 | Received a gift from Trog
 40626 | Depths:3 | Noticed the Enchantress
 40654 | Depths:3 | Killed the Enchantress
 40658 | Depths:3 | Got faerie dragon scales
 40659 | Depths:3 | Identified the +6 faerie dragon scales {rPois rF- Slay+2} (You took it off the Enchantress on level 3 of the Depths)
 41167 | Depths:4 | Found a sparkling altar of Nemelex Xobeh.
 41408 | Depths:4 | Noticed a golden dragon
 41431 | Depths:4 | Killed a golden dragon
 41460 | Depths:4 | Got a scorched copper ring
 41461 | Depths:4 | Identified the ring of Guwehot {Fire Slay+2} (You found it on level 4 of the Depths)
 41680 | Depths:4 | Received a gift from Trog
 41892 | Depths:4 | Noticed Xtahua
 41909 | Depths:4 | Killed Xtahua
 42810 | Vaults:5 | Entered Level 5 of the Vaults
 42817 | Vaults:5 | Reached XP level 23. HP: 200/226 MP: 10/22
 42827 | Vaults:5 | Received a gift from Trog
 42865 | Vaults:5 | Found Wulutedo's Antique Armour Shop.
 43304 | Vaults:5 | Received a gift from Trog
 44305 | Vaults:5 | Got a heavily runed copper ring
 44306 | Vaults:5 | Identified the ring of the Battered Souls {*Corrode +Fly rC++ Dex+6} (You found it on level 5 of the Vaults)
 44404 | Vaults:5 | Got a silver rune of Zot
 44538 | Vaults:5 | Reached XP level 24. HP: 240/240 MP: 10/22
 44610 | Vaults:5 | Got a scorched battleaxe
 44614 | Vaults:5 | Got a pair of smoking gloves
 44619 | Vaults:5 | Identified the +9 battleaxe of Famine {flame, *Corrode +Rage Str+4} (You found it on level 5 of the Vaults)
 44621 | Vaults:5 | Identified the +1 pair of gloves of Blue Skies {rC+ Str+4 SInv} (You found it on level 5 of the Vaults)
 44681 | Vaults:5 | Identified the +2 dagger of Pitaosch {pierce, Dex+7} (You found it on level 5 of the Vaults)
 44786 | Vaults:5 | Received a gift from Trog
 45620 | Depths:5 | Entered Level 5 of the Depths
 45801 | Depths:5 | Noticed a juggernaut
 45852 | Depths:5 | Killed a juggernaut
 46221 | Depths:5 | Received a gift from Trog
 46883 | Depths:5 | Found a gate to the Realm of Zot.
 46889 | Zot:1    | Entered Level 1 of the Realm of Zot
 47607 | Zot:1    | Received a gift from Trog
 47614 | Zot:1    | Reached XP level 25. HP: 210/253 MP: 10/22
 48929 | Zot:3    | Received a gift from Trog
 48984 | Zot:3    | Identified the +10 hand axe "Lohixta" {chop, +Fly rC+} (You found it on level 3 of the Realm of Zot)
 49442 | Zot:4    | Noticed an orb of fire
 49446 | Zot:4    | Gained mutation: Your body sometimes deteriorates upon taking damage. [an orb of fire]
 49462 | Zot:4    | Killed an orb of fire
 49623 | Zot:5    | Entered Level 5 of the Realm of Zot
 50487 | Zot:2    | Noticed an orb of fire
 50491 | Zot:2    | Gained mutation: You have a pair of large horns on your head. [an orb of fire]
 50495 | Zot:2    | Gained mutation: Your magical capacity is low. (-10% MP) [an orb of fire]
 50505 | Zot:2    | Killed an orb of fire
 50505 | Zot:2    | Reached XP level 26. HP: 220/278 MP: 9/19
 51172 | Zot:3    | Received a gift from Trog
 51552 | Zot:4    | Reached skill level 27 in Dodging
 52086 | Zot:4    | Identified Waguobut's Compendium of Aerial Dislocation
 52936 | Zot:5    | Noticed an ancient lich
 52938 | Zot:5    | Noticed an orb of fire
 53551 | Zot:5    | Killed an orb of fire
 53568 | Zot:5    | Noticed an ancient lich
 53570 | Zot:5    | Noticed an orb of fire
 53574 | Zot:5    | Killed an ancient lich
 53582 | Zot:5    | Killed an orb of fire
 53665 | Zot:5    | Reached skill level 27 in Fighting
 53687 | Zot:5    | Noticed an ancient lich
 53702 | Zot:5    | Killed an ancient lich
 53702 | Zot:5    | Received a gift from Trog
 53719 | Zot:5    | Reached XP level 27. HP: 203/300 MP: 9/19
 53763 | Zot:5    | Noticed an orb of fire
 53778 | Zot:5    | Killed an orb of fire
 53954 | Zot:5    | Noticed an ancient lich
 53964 | Zot:5    | Killed an ancient lich
 54186 | Zot:5    | Noticed an orb of fire
 54204 | Zot:5    | Gained mutation: Potions and wands are less effective at restoring your health. [an orb of fire]
 54216 | Zot:5    | Killed an orb of fire
 54216 | Zot:5    | Reached skill level 27 in Armour
 54246 | Zot:5    | Noticed an ancient lich
 54256 | Zot:5    | Killed an ancient lich
 54446 | Zot:5    | Noticed an orb of fire
 54449 | Zot:5    | Gained mutation: You are weak. (Str -2) [an orb of fire]
 54473 | Zot:5    | Killed an orb of fire
 54731 | Zot:5    | Noticed an orb of fire
 54739 | Zot:5    | Gained mutation: You are clumsy. (Dex -2) [an orb of fire]
 54756 | Zot:5    | Killed an orb of fire
 55115 | Zot:5    | Noticed an ancient lich
 55142 | Zot:5    | Killed an ancient lich
 55499 | Zot:5    | Killed an ancient lich
 55499 | Zot:5    | Reached skill level 27 in Axes
 56132 | Zot:5    | Got the Orb of Zot
 56363 | Depths:3 | Noticed Veppoc the pandemonium lord
 56363 | Depths:3 | Noticed an ancient lich
 56444 | D:14     | Noticed Qadu the pandemonium lord
 56630 | D:5      | Received a gift from Trog
 56756 | D:$      | Escaped with the Orb!

Skill      XL: |  1  2  3  4  5  6  7  8  9 10 11 12 13 14 15 16 17 18 19 20 21 22 23 24 25 26 27 |
---------------+----------------------------------------------------------------------------------+-----
Axes           | 4 5 6 7 8 10 11 12 13 15 16 17 18 19 20 22 23 24 25 27 | 27.0
Armour         | 3 4 5 6 8 10 11 12 14 15 16 17 19 20 21 22 23 24 26 27 | 27.0
Shields        | 1 6 8 11 14 16 18 19 | 19.1
Fighting       | 9 12 14 16 17 18 20 21 23 27 | 27.0
Dodging        | 7 8 11 14 16 17 19 21 23 25 26 27 | 27.0

Action                   |  1- 3 |  4- 6 |  7- 9 | 10-12 | 13-15 | 16-18 | 19-21 | 22-24 | 25-27 || total
-------------------------+-------+-------+-------+-------+-------+-------+-------+-------+-------++-------
Melee: Hand axe          |    80 |   134 |   300 |       |       |       |       |       |       ||   514
       Headbutt          |     6 |    33 |    93 |   131 |   231 |   242 |   417 |   503 |   431 ||  2087
       Battleaxe         |       |       |    41 |    13 |       |       |       |       |       ||    54
       War axe           |       |       |       |   511 |   930 |   991 |  1452 |   502 |       ||  4386
       Broad axe         |       |       |       |       |       |       |       |   877 |  1181 ||  2058
Throw: Throwing net      |       |       |       |       |       |     1 |     5 |       |       ||     6
Invok: Berserk           |       |     2 |     4 |     9 |     2 |       |     1 |       |       ||    18
       Trog's Hand       |       |       |       |       |     6 |     9 |     9 |    14 |     3 ||    41
       Brothers in Arms  |       |       |       |       |       |     1 |     5 |       |     2 ||     8
       Burn Spellbooks   |       |       |       |       |       |       |     1 |       |       ||     1
Evoke: Rod               |       |       |       |       |       |       |     5 |       |       ||     5
       Wand              |       |       |       |       |       |       |     1 |       |    19 ||    20
       Sack of spiders   |       |       |       |       |       |       |       |       |     3 ||     3
       Box of beasts     |       |       |       |       |       |       |       |       |     1 ||     1
  Use: Scroll            |       |     6 |     5 |    15 |     7 |     2 |     8 |    27 |    13 ||    83
       Potion            |       |     1 |       |     2 |       |     5 |     1 |     8 |     6 ||    23
 Stab: Sleeping          |     3 |     8 |     2 |       |       |       |       |       |       ||    13
       Invisible         |       |       |       |     1 |       |       |       |       |       ||     1
       Held in net/web   |       |       |       |       |       |     2 |     3 |       |       ||     5
       Distracted        |       |       |       |       |       |     1 |     1 |     2 |     1 ||     5
  Eat: Chunk             |     1 |     8 |    28 |    30 |    29 |    18 |    39 |    25 |     9 ||   187
       Pizza             |       |       |     1 |       |     1 |     3 |       |     4 |     2 ||    11
       Beef jerky        |       |       |     1 |       |       |       |     1 |     1 |     3 ||     6
       Fruit             |       |       |       |       |     1 |     1 |       |     1 |     2 ||     5
       Bread ration      |       |       |       |       |       |       |       |       |     3 ||     3
       Meat ration       |       |       |       |       |       |       |       |       |     1 ||     1
Armor: Ring mail         |    25 |    49 |    42 |       |       |       |       |       |       ||   116
       Animal skin       |     3 |       |       |       |       |       |       |       |       ||     3
       Steam dragon scal |       |       |    46 |    40 |       |       |       |       |       ||    86
       Scale mail        |       |       |       |    82 |    12 |       |       |       |       ||    94
       Plate armour      |       |       |       |       |   278 |   337 |   348 |    78 |       ||  1041
       Gold dragon scale |       |       |       |       |       |       |       |   301 |   270 ||   571
Dodge: Dodged            |    48 |    78 |   196 |   172 |   212 |   394 |   532 |   491 |   421 ||  2544
Block: Shield            |       |       |       |   300 |   526 |   713 |   790 |   962 |   941 ||  4232
       Reflection        |       |       |       |       |       |    57 |    93 |    63 |    10 ||   223
